 Dungeon Crawl Stone Soup version 0.29.0-11-gd7f09526c8 (webtiles) character file.

Game seed: 8866241539185574214

2 SensoryNuts the Caller (level 1, -1/7 HPs)
             Began as a Felid Summoner on Sept 6, 2022.
             Slain by a quokka (4 damage)
             ... on level 1 of the Dungeon.
             The game lasted 00:00:30 (96 turns).

SensoryNuts the Caller (Felid Summoner)               Turns: 96, Time: 00:00:31

Health: -1/7       AC:  1    Str:  4    XL:     1   Next: 25%
Magic:  1/4        EV: 17    Int: 16    God:
Gold:   0          SH:  0    Dex: 16    Spells: 3/4 levels left
                                        Lives:  0   Deaths: 0

rFire   . . .      SeeInvis +   (weapon unavailable)
rCold   . . .      Faith    .   (shield unavailable)
rNeg    . . .      Spirit   .   (body armour unavailable)
rPois   .          Reflect  .   (helmet unavailable)
rElec   .          Harm     .   (cloak unavailable)
rCorr   .          Rampage  .   (gloves unavailable)
Will    .....                   (boots unavailable)
Stlth   ++........              (no amulet)
HPRegen 0.02/turn               (no ring)
MPRegen 0.09/turn               (no ring)

@: quick
A: very small, claws 1, fangs 3, see invisible, speed 1, shaggy fur 1, stealthy
paws, no weapons or thrown items, no armour, multi-lived
a: no special abilities


You were on level 1 of the Dungeon.
You visited 1 branch of the dungeon, and saw 1 of its levels.

Inventory:

Scrolls
 c - a scroll of acquirement {unknown}
Potions
 a - a potion of magic
 b - a potion of ambrosia {unknown}


   Skills:
 + Level 2.6 Dodging
 + Level 2.6 Stealth
 + Level 2.1 Spellcasting
 + Level 4.0 Summonings


You had 3 spell levels left.
You knew the following spells:

 Your Spells              Type           Power      Damage    Failure   Level
a - Summon Small Mammal   Summ           56%        N/A       4%          1

Your spell library contained the following spells:

 Spells                   Type           Power      Damage    Failure   Level
 Call Imp                 Summ           14%        N/A       6%          2
 Call Canine Familiar     Summ           14%        N/A       12%         3
 Summon Guardian Golem    Hex/Summ       8%         N/A       26%         3
 Summon Lightning Spire   Summ/Air       8%         N/A       65%         4


Dungeon Overview and Level Annotations

Branches:
Dungeon (1/15)

Altars:


Innate Abilities, Weirdness & Mutations

You have sharp claws.
You have razor-sharp teeth.
You have supernaturally acute eyesight. (SInv)
You cover ground quickly. (Speed+)
You are covered in fur. (AC +1)
Your paws help you pounce on unaware monsters.
You are incapable of wielding weapons or throwing items.
You cannot wear armour.
You gain extra lives every three experience levels.


Message History

You scratch the kobold but do no damage.
The kobold is moderately wounded.
Your bat hits the kobold but does no damage.
Your rat bites the kobold.
The kobold completely misses you.
You scratch the kobold.
You kill the kobold!
Your rat disappears in a puff of smoke!
Found a club.
c - a scroll labelled LUSHROH WYUCHU A quokka is nearby!
The quokka bites your bat.
Your bat dies!
Your bat's corpse disappears in a puff of smoke!
A quokka is nearby!
You miscast Summon Small Mammal.
You are very lightly contaminated with residual magic.
Nothing appears to happen.
A quokka is nearby!
Your rat bites the quokka but does no damage.
You scratch the quokka but do no damage.
The quokka completely misses you.
Your rat misses the quokka. x2
A quokka is nearby!
A quokka is nearby!
You scratch the quokka but do no damage.
You bite the quokka, but do no damage. The quokka bites you.
Your rat barely misses the quokka. x2
You scratch the quokka but do no damage.
The quokka barely misses you. The quokka bites you.
Your rat closely misses the quokka.
Your rat bites the quokka but does no damage.
You are too injured to fight recklessly!
You are too injured to fight recklessly!
You are too injured to fight recklessly!
You closely miss the quokka.
Your rat barely misses the quokka.
Your rat closely misses the quokka.
The quokka barely misses you.
Your magical contamination has completely faded away.
Your rat bites the quokka but does no damage.
Your rat bites the quokka.
The quokka bites you.
Ouch! That really hurt!
You die...

+.>.'..## #.. .## #
#...##..# #.##... #.
#######.###.....
...####D# ##.##..##..
......#####.........#
......).....####..###
.##..ยง.##.....r..#
####.##.....rr#
#).#.....@.###
##.#.........#
>+.......#.#
##.......#.#
#.......#.#
+.......)#.#
#.#+##+#...# +. ..###
# #.#


You could see a quokka (ally target) and 2 friendly rats.

Vanquished Creatures
  2 kobolds (D:1)
2 creatures vanquished.

Notes
Turn   | Place    | Note
-------+----------+-------------------------------------------
     0 | D:1      | SensoryNuts the Felid Summoner began the quest for the Orb.
     0 | D:1      | Reached XP level 1. HP: 7/7 MP: 4/4
     0 | D:1      | Noticed a tentacled monstrosity
    13 | D:1      | Noticed a shadow dragon
    14 | D:1      | Noticed a shadow dragon
    14 | D:1      | Noticed an orb of fire
    16 | D:1      | Noticed a tentacled monstrosity
    20 | D:1      | Noticed an ice dragon
    21 | D:1      | Noticed a shadow dragon
    23 | D:1      | Noticed an ice dragon
    25 | D:1      | Noticed an iron dragon
    27 | D:1      | Noticed a large abomination
    27 | D:1      | Noticed an orb of fire
    29 | D:1      | Noticed a tentacled monstrosity
    31 | D:1      | Noticed a shadow dragon
    31 | D:1      | Noticed a tentacled monstrosity
    33 | D:1      | Noticed a shadow dragon
    96 | D:1      | Slain by a quokka

Illustrated notes

Levels and vault maps discovered:
D:1:      shiori_arrival_whats_in_store_for_you, layout_basic,
          shapermc_ecumenical_altar_starsandcircs

Action                   || total
-------------------------++-------
Melee: Unarmed           ||    14
       Bite              ||     2
 Cast: Summon Small Mamm ||     5
Dodge: Dodged            ||    15
